 Dungeon Sprint DCSS version 0.24.1-4-ge52af88ad5 (webtiles) character file.

Game seed: 5535060821882394357, levelgen mode: deterministic

149 nicanaca0 the Carver (level 5, -6/51 HPs)
             Began as a Minotaur Berserker on Apr 19, 2020.
             Was an Elder of Trog.
             Mangled by a two-headed ogre
             ... wielding a +0 giant spiked club
              (10 damage)
             ... in the Dungeon (Sprint IX: "|||||||||||||||||||||||||||||").
             The game lasted 00:02:20 (416 turns).

nicanaca0 the Carver (Minotaur Berserker)            Turns: 416, Time: 00:02:21

Health: -6/51      AC: 15    Str: 25    XL:     5   Next: 9%
Magic:  4/4        EV: 10    Int:  5    God:    Trog [****..]
Gold:   0          SH:  0    Dex:  9    Spells: 4/4 levels left

rFire    . . .     SeeInvis .   b - +0 falchion
rCold    . . .     Gourm    .   (no shield)
rNeg     . . .     Faith    .   E - +1 chain mail
rPois    .         Spirit   .   (helmet restricted)
rElec    .         Reflect  .   (no cloak)
rCorr    .         Harm     .   Q - +0 pair of gloves
MR       .....     NoTele   +   W - +0 pair of boots
Stlth    ..........             (no amulet)
HPRegen  0.17/turn              I - +3 ring of strength
MPRegen  0.09/turn              O - +2 ring of protection

@: no status effects
A: retaliatory headbutt, horns 2
a: Berserk, Trog's Hand, Brothers in Arms, Renounce Religion


You were in the Dungeon.
You worshipped Trog.
Trog was greatly pleased with you.
You were not hungry.

You visited 1 branch

Inventory:

Hand Weapons
 a - a +2 scimitar of holy wrath
   (You found it in the Dungeon)
 b - a +0 falchion (weapon)
Missiles
 c - 4 stones (quivered)
Armour
 k - a +0 animal skin
 E - a +1 chain mail (worn)
   (You found it in the Dungeon)
 Q - a +0 pair of gloves (worn)
   (You found it in the Dungeon)
 W - a +0 pair of boots (worn)
   (You found it in the Dungeon)
Jewellery
 I - a +3 ring of strength (left hand)
   (You found it in the Dungeon)
 O - a +2 ring of protection (right hand)
   (You found it in the Dungeon)
Wands
 C - a wand of iceblast (10)
   (You found it in the Dungeon)
Scrolls
 i - 2 scrolls of blinking {@r3!r}
 j - 3 scrolls of remove curse {@r2}
Potions
 d - 2 potions of heal wounds
 e - a potion of invisibility {@q5}
 f - a potion of haste {@q3}
 g - 4 potions of magic
 h - a potion of berserk rage {!q}
 U - 3 potions of curing {@q1}
Comestibles
 w - a ration


   Skills:
 + Level 6.7 Fighting
 * Level 8.9 Long Blades
 + Level 6.1 Armour
 - Level 4.5 Dodging


You had 4 spell levels left.
You didn't know any spells.
Your spell library was empty.

Dungeon Overview and Level Annotations

Branches:
Dungeon (1/1)

Altars:
Cheibriados
Dithmenos
Elyvilon
Fedhas
Gozag
Hepliaklqana
Kikubaaqudgha
Makhleb
Nemelex Xobeh
Okawaru
Qazlal
Ru
Sif Muna
Trog
Uskayaw
Vehumet
Wu Jian
Xom
Yredelemnul
Zin
The Shining One
Beogh
Jiyva
Lugonu


Innate Abilities, Weirdness & Mutations

You reflexively headbutt those who attack you in melee.
You have a pair of horns on your head.


Message History

You continue taking off your +0 animal skin. x4
You finish taking off your +0 animal skin.
You start putting on your armour.
You continue putting on your +1 chain mail. x5
You finish putting on your +1 chain mail.
You start putting on your armour.
You continue putting on your +0 pair of gloves. x4
You finish putting on your +0 pair of gloves.
You start putting on your armour.
You continue putting on your +0 pair of boots. x4
You finish putting on your +0 pair of boots.
O - a +2 ring of protection
I - a +3 ring of strength You feel stronger.
I - a +3 ring of strength (left hand)
O - a +2 ring of protection (right hand)
You open the door.
An adder, a bullfrog, a killer bee, 2 orcs and a two-headed ogre come into view.
The two-headed ogre shouts in stereo!
The killer bee buzzes angrily.
The bullfrog croaks.
The adder hisses angrily.
The orc wizard gestures wildly while chanting.
The orc wizard blinks!
Your skin crawls.
You feel resistant to hostile enchantments.
You feel somewhat more hungry.
You can no longer call in reinforcements.
The adder barely misses you.
You slash the adder!
You kill the adder!
Trog accepts your kill.
You can now call in reinforcements.
Your Armour skill increases to level 5!
The orc wizard hits you but does no damage.
You barely miss the bullfrog. Your headbutt misses the bullfrog.
The bullfrog hits you.
The orc wizard hits you but does no damage.
The bullfrog barely misses you. You furiously retaliate!
You headbutt the bullfrog, but do no damage.
You riposte.
You slash the bullfrog! Your headbutt misses the bullfrog.
You completely miss the bullfrog. The bullfrog barely misses you.
The orc wizard barely misses you.
Your chain mail prevents you from hitting the bullfrog.
The bullfrog hits you but does no damage.
The orc wizard hits you but does no damage.
The bullfrog closely misses you. You furiously retaliate!
You headbutt the bullfrog! You slash the bullfrog!
You kill the bullfrog!
Trog accepts your kill.
Your Fighting skill increases to level 6!
Your Long Blades skill increases to level 8!
Your Armour skill increases to level 6!
You have reached level 5!
The killer bee stings you.
You are poisoned.
The killer bee poisons you! The orc wizard closely misses you.
You furiously retaliate!
You headbutt the orc wizard, but do no damage.
You miss the killer bee.
You feel sick.
The killer bee stings you but does no damage.
The orc wizard closely misses you. You furiously retaliate!
You headbutt the orc wizard.
You riposte.
You slash the orc wizard! You hit the two-headed ogre.
You feel the effects of Trog's Hand fading.
The orc wizard mumbles some strange words.
The orc wizard blinks!
You hit the two-headed ogre. You headbutt the two-headed ogre!
You feel sick.
The two-headed ogre hits you with a +0 giant spiked club.
The two-headed ogre barely misses you.
You slash the two-headed ogre! You headbutt the two-headed ogre!
You hit the two-headed ogre.
You feel sick.
The two-headed ogre hits you with a +0 giant spiked club!
The two-headed ogre misses you.
You slash the two-headed ogre!
The two-headed ogre hits you with a +0 giant spiked club!
The two-headed ogre hits you with a +0 giant club!!
* * * LOW HITPOINT WARNING * * *
You barely miss the two-headed ogre.
Unknown command.
You feel much better.
Your skin stops crawling.
You feel less resistant to hostile enchantments.
You feel sick.
The two-headed ogre hits you with a +0 giant spiked club.
The two-headed ogre hits you with a +0 giant club!
You feel better.
U - 3 potions of curing {@q1} The two-headed ogre hits you with a +0 giant spiked club!
* * * LOW HITPOINT WARNING * * *
The two-headed ogre hits you with a +0 giant club!
* * * LOW HITPOINT WARNING * * *
The orc wizard mumbles some strange words.
The orc wizard seems to speed up.
Okay, then.
You fail to use your ability.
The orc wizard gestures wildly while chanting.
The orc wizard blinks!
You fail to use your ability.
The two-headed ogre hits you with a +0 giant spiked club!
You die... ▓▓▓▓▓▓▓▓▓▓▓▓▓▓▓▓▓▓▓▓▓▓▓▓ ....oyOH.o..)|?.'_______ ▓▓▓▓▓▓▓▓▓▓▓▓▓▓▓▓▓▓▓▓▓▓▓▓

You could see a two-headed ogre, a killer bee, an orc wizard and an orc.

Vanquished Creatures
  A bullfrog (D)
  An iguana (D)
  An orc wizard (D)
  A worker ant (D)
  An adder (D)
  An orc (D)
  A goblin (D)
  A kobold (D)
  A bat (D)
  A leopard gecko skeleton (D)
  2 rats (D)
12 creatures vanquished.

Notes
Turn   | Place    | Note
-------+----------+-------------------------------------------
     0 | D        | nicanaca0 the Minotaur Berserker began the quest for the
                  | Orb.
     0 | D        | Reached XP level 1. HP: 19/19 MP: 0/0
     7 | D        | Reached skill level 4 in Long Blades
    10 | D        | Reached ** piety under Trog
    11 | D        | Reached skill level 4 in Fighting
    13 | D        | Reached skill level 3 in Armour
    58 | D        | Noticed an iguana
    58 | D        | Noticed an orc wizard
    58 | D        | Noticed a worker ant
    63 | D        | Killed a worker ant
    63 | D        | Reached skill level 5 in Long Blades
    63 | D        | Reached skill level 3 in Dodging
    63 | D        | Reached XP level 2. HP: 9/28 MP: 1/1
    66 | D        | Reached *** piety under Trog
    66 | D        | Reached XP level 3. HP: 17/35 MP: 2/2
    67 | D        | Reached skill level 5 in Fighting
    67 | D        | Reached skill level 6 in Long Blades
    67 | D        | Reached skill level 4 in Armour
    67 | D        | Reached skill level 4 in Dodging
    70 | D        | HP: 2/54 [iguana (15)]
    71 | D        | Reached skill level 7 in Long Blades
    71 | D        | Reached XP level 4. HP: 2/44 MP: 3/3
    73 | D        | Reached **** piety under Trog
    78 | D        | HP: 1/44 [poisoned by a worker ant]
   331 | D        | Found a roughly hewn altar of Beogh.
   331 | D        | Found a snail-covered altar of Cheibriados.
   331 | D        | Found a shadowy altar of Dithmenos.
   331 | D        | Found a white marble altar of Elyvilon.
   331 | D        | Found a blossoming altar of Fedhas.
   331 | D        | Found an opulent altar of Gozag.
   332 | D        | Found a hazy altar of Hepliaklqana.
   333 | D        | Found a viscous altar of Jiyva.
   334 | D        | Found an ancient bone altar of Kikubaaqudgha.
   335 | D        | Found a corrupted altar of Lugonu.
   336 | D        | Found a burning altar of Makhleb.
   337 | D        | Found a sparkling altar of Nemelex Xobeh.
   338 | D        | Found an iron altar of Okawaru.
   339 | D        | Found a stormy altar of Qazlal.
   340 | D        | Found a sacrificial altar of Ru.
   341 | D        | Found a shimmering blue altar of Sif Muna.
   342 | D        | Found a bloodstained altar of Trog.
   343 | D        | Found a hide-covered altar of Uskayaw.
   344 | D        | Found a radiant altar of Vehumet.
   345 | D        | Found an ornate altar of the Wu Jian Council.
   346 | D        | Found a shimmering altar of Xom.
   347 | D        | Found a basalt altar of Yredelemnul.
   348 | D        | Found a glowing silver altar of Zin.
   349 | D        | Found a glowing golden altar of the Shining One.
   399 | D        | Noticed a two-headed ogre
   399 | D        | Noticed a bullfrog
   401 | D        | Reached skill level 5 in Armour
   405 | D        | Killed a bullfrog
   405 | D        | Reached skill level 6 in Fighting
   405 | D        | Reached skill level 8 in Long Blades
   405 | D        | Reached skill level 6 in Armour
   405 | D        | Reached XP level 5. HP: 51/51 MP: 4/4
   411 | D        | HP: 7/51 [two-headed ogre/+0 giant spiked club (19)]
   416 | D        | Mangled by a two-headed ogre

Levels and vault maps discovered:
D:        linesprint [early_d, line_temple, items_1, d_10, items_2, lair_1,
          lair_end, items_3, orc_1, orc_end, items_4, d_15, swamp_1, shoals_1,
          snake_1, spider_1, d_20, vaults_1, items_5, swamp_end, shoals_end,
          snake_end, spider_end, vaults_end, d_27, items_6, zot_1, zot_end,
          crypt_end, forest_end, elf_end, slime_end, tomb_end, abyss_end,
          pan_hell_end]

Skill      XL: |  1  2  3  4 |
---------------+-------------+-----
Long Blades    | 5 7 8 |  8.9
Fighting       | 4 5 6 |  6.7
Armour         | 3 4 6 |  6.1
Dodging        | 3 4 |  4.5

Action                   |  1- 3 |  4- 6 || total
-------------------------+-------+-------++-------
Melee: Falchion          |    21 |    13 ||    34
       Headbutt          |     8 |     3 ||    11
Invok: Berserk           |     1 |       ||     1
       Trog's Hand       |       |     1 ||     1
  Use: Potion            |       |     3 ||     3
Armor: Animal skin       |     1 |       ||     1
       Chain mail        |       |     5 ||     5
Dodge: Dodged            |     9 |    10 ||    19
       Rpst.: Falchion   |     2 |     2 ||     4

Levels and vault maps discovered:
D:        linesprint [early_d, line_temple, items_1, d_10, items_2, lair_1,
          lair_end, items_3, orc_1, orc_end, items_4, d_15, swamp_1, shoals_1,
          snake_1, spider_1, d_20, vaults_1, items_5, swamp_end, shoals_end,
          snake_end, spider_end, vaults_end, d_27, items_6, zot_1, zot_end,
          crypt_end, forest_end, elf_end, slime_end, tomb_end, abyss_end,
          pan_hell_end]

Table legend:
 A = Turns spent in this place as a percentage of turns spent in the entire game.
 B = Non-inter-level travel turns spent in this place as a percentage of non-inter-level travel turns spent in the entire game.
 C = Inter-level travel turns spent in this place as a percentage of turns spent in this place.
 D = Turns resting spent in this place as a percentage of non-inter-level travel turns spent in this place.
 E = Turns spent auto-exploring this place as a percentage of non-inter-level travel turns spent in this place.
 F = Non-inter-level travel turns spent in this place divided by the number of levels of this place that you've seen.
                   A       B       C       D       E      F
               +-------+-------+-------+-------+-------+----------------------
         Total | 100.0 | 100.0 |   0.0 |  63.0 |   0.0 | 416.0
       Dungeon | 100.0 | 100.0 |   0.0 |  63.0 |   0.0 | 416.0
               +-------+-------+-------+-------+-------+----------------------

Table legend:
 A = Kills in this place as a percentage of kills in entire the game.
 B = Kills by you in this place as a percentage of kills by you in the entire game.
 C = Kills by friends in this place as a percentage of kills by friends in the entire game.
 D = Other kills in this place as a percentage of other kills in the entire game.
 E = Experience gained in this place as a percentage of experience gained in the entire game.
 F = Experience gained in this place divided by the number of levels of this place that you have seen.
                   A       B       C       D       E      F
               +-------+-------+-------+-------+-------+----------------------
         Total | 100.0 | 100.0 |   N/A |   N/A | 100.0 | 213.0
       Dungeon | 100.0 | 100.0 |   N/A |   N/A | 100.0 | 213.0
               +-------+-------+-------+-------+-------+----------------------
